Map: Abyssal Reef LE

Players

Arjuna

  • Race: Protoss Protoss
  • League: Gold
  • Spawn Location: 11:00

Yata - Winner!

  • Race: Zerg Zerg
  • League: Gold
  • Spawn Location: 5:00

VOD

Have the link to the VOD?

Description

Time

  • Played on: Sept. 9, 2017, 9:54 p.m.
  • Length: 15:48
Show
View Real Time Build Order
Export as new Build Order

Arjuna Protoss 

Build Orders:  

Get SALT Encoding   

  12  0:03  Probe (Chrono Boost)  
  13  0:25  Pylon  
  13  0:31  Probe (Chrono Boost)  
  14  0:39  Assimilator  
  14  0:42  Probe (Chrono Boost)  
  15  0:52  Probe (Chrono Boost)  
  16  0:57  Forge  
  16  1:03  Pylon, Probe (Chrono Boost)  
  17  1:25  Gateway  
  17  1:29  Probe (Chrono Boost)  
  18  1:37  Photon Cannon  
  18  1:57  Photon Cannon  
  18  2:02  Photon Cannon  
  18  2:22  Pylon  
  18  2:33  Probe (Chrono Boost)  
  18  2:36  Assimilator  
  19  2:39  Photon Cannon  
  19  2:41  Photon Cannon  
  19  2:43  Probe (Chrono Boost)  
  20  2:48  Pylon  
  20  2:57  Photon Cannon  
  20  3:13  Photon Cannon  
  20  3:22  Probe (Chrono Boost)  
  21  3:31  Cybernetics Core  
  21  3:32  Probe (Chrono Boost)  
  22  3:43  Probe (Chrono Boost)  
  23  3:53  Probe (Chrono Boost)  
  24  4:07  Nexus  
  24  4:14  Stalker  
  26  4:23  Assimilator  
  26  4:25  Assimilator  
  26  4:57  Pylon  
  26  5:03  Pylon  
  26  5:04  Pylon  
  26  5:13  Probe (Chrono Boost)  
  27  5:21  Stargate  
  27  5:23  Probe (Chrono Boost)  
  27  5:25  Stargate  
  27  5:28  Probe (Chrono Boost)  
  29  5:34  Mothership Core (Chrono Boost)  
  31  5:38  Probe (Chrono Boost)  
  32  5:49  Probe (Chrono Boost)  
  33  5:52  Probe (Chrono Boost)  
  33  5:55  Stalker  
  36  6:03  Probe (Chrono Boost)  
  37  6:13  Probe (Chrono Boost)  
  37  6:15  Probe (Chrono Boost)  
  39  6:24  Probe (Chrono Boost)  
  41  6:25  Probe (Chrono Boost)  
  41  6:32  Oracle x2  
  44  6:35  Probe (Chrono Boost)  
  44  6:36  Probe (Chrono Boost)  
  49  6:40  Protoss Air Weapons Level 1  
  49  6:45  Probe (Chrono Boost)  
  49  6:46  Probe (Chrono Boost)  
  51  6:57  Probe (Chrono Boost)  
  51  7:00  Stalker  
  54  7:08  Oracle (Chrono Boost), Probe (Chrono Boost)  
  58  7:17  Oracle (Chrono Boost)  
  58  7:18  Probe (Chrono Boost)  
  62  7:28  Probe  
  63  7:38  Pylon  
  63  7:42  Oracle (Chrono Boost)  
  66  7:45  Robotics Facility  
  66  7:49  Oracle (Chrono Boost)  
  69  8:03  Pylon  
  69  8:17  Fleet Beacon  
  75  8:34  Warp Gate  
  75  8:39  Phoenix (Chrono Boost)  
  73  8:41  Phoenix (Chrono Boost)  
  73  9:01  Phoenix (Chrono Boost)  
  75  9:03  Phoenix (Chrono Boost)  
  77  9:13  Stargate  
  77  9:15  Stargate  
  77  9:23  Phoenix (Chrono Boost)  
  67  9:43  Oracle (Chrono Boost)  
  67  9:44  Oracle (Chrono Boost)  
  76  10:07  Oracle (Chrono Boost)  
  79  10:15  Oracle x2 (Chrono Boost)  
  79  10:17  Oracle (Chrono Boost)  
  85  10:28  Protoss Air Armor Level 1  
  85  10:40  Pylon  
  85  10:41  Pylon  
  85  10:57  Warp Prism  
  85  10:58  Oracle (Chrono Boost)  
  85  11:00  Oracle (Chrono Boost)  
  96  11:05  Oracle (Chrono Boost)  
  95  12:07  Stalker  
  97  12:13  Void Ray (Chrono Boost)  
  101  12:17  Pylon  
  101  12:36  Void Ray (Chrono Boost)  
  109  12:41  Void Ray (Chrono Boost)  
  107  13:08  Void Ray (Chrono Boost)  
  97  14:06  Phoenix x2 (Chrono Boost)  
  105  14:10  Phoenix x2 (Chrono Boost)  
  105  14:28  Phoenix x2 (Chrono Boost)  
  109  14:31  Nexus  
  109  14:33  Assimilator  
  109  14:38  Assimilator  
  109  15:05  Phoenix x2 (Chrono Boost)  
  110  15:17  Pylon  
  110  15:18  Pylon  
  110  15:19  Pylon  
Show
View Real Time Build Order
Export as new Build Order

Yata Zerg - Winner!

Build Orders: Hatch First 

Get SALT Encoding   

  12  0:01  Drone  
  13  0:13  Overlord  
  13  0:19  Drone  
  14  0:32  Drone x2  
  14  0:35  Drone  
  17  1:13  Drone x2  
  17  1:17  Hatchery, Extractor  
  17  1:21  Spawning Pool  
  17  1:24  Drone  
  17  1:25  Drone  
  18  1:34  Drone  
  20  2:01  Drone x2  
  20  2:03  Extractor  
  20  2:19  Roach Warren  
  19  2:26  Queen  
  19  2:29  Queen  
  23  2:33  Drone x4  
  27  2:43  Zergling x2  
  28  3:00  Overlord  
  28  3:01  Overlord x2  
  27  3:14  Drone  
  28  3:22  Spine Crawler  
  28  3:25  Roach x4  
  35  3:37  Spine Crawler  
  35  3:38  Roach x3  
  40  3:51  Ravager x2  
  42  3:58  Ravager x2  
  44  4:10  Roach  
  44  4:11  Roach x3  
  52  4:29  Overlord x3  
  52  5:01  Drone x9  
  52  5:05  Lair  
  61  5:16  Spore Crawler  
  61  5:17  Spore Crawler  
  61  5:18  Zergling x2  
  60  5:36  Hatchery  
  59  5:47  Drone  
  59  5:48  Drone x4  
  64  5:55  Evolution Chamber  
  63  6:03  Zergling x10  
  63  6:04  Zergling x2  
  69  6:15  Spore Crawler  
  69  6:18  Spore Crawler, Queen  
  70  6:23  Zerg Missile Weapons Level 1  
  69  6:51  Drone  
  69  6:52  Drone x11  
  77  7:12  Hydralisk Den  
  76  7:18  Extractor  
  76  7:19  Extractor  
  72  7:27  Drone x2, Spore Crawler x2  
  72  7:28  Drone x7  
  72  7:29  Overlord  
  79  7:30  Overlord  
  79  7:46  Muscular Augments  
  79  7:47  Hydralisk  
  81  7:53  Extractor  
  80  7:59  Hatchery, Hydralisk x3  
  85  8:08  Evolution Chamber  
  84  8:13  Hydralisk x4  
  92  8:22  Glial Reconstitution  
  92  8:25  Hydralisk x2  
  96  8:28  Roach  
  98  8:55  Overlord  
  98  8:57  Hatchery  
  98  9:01  Drone  
  98  9:10  Queen x2  
  98  9:15  Drone x10  
  91  9:33  Drone x6  
  91  9:34  Drone x3  
  96  9:41  Drone x2  
  96  9:42  Drone  
  99  9:45  Zerg Missile Weapons Level 2  
  99  9:46  Queen  
  99  9:49  Hydralisk  
  103  9:54  Queen  
  103  9:59  Hydralisk  
  107  10:07  Overlord x2  
  107  10:12  Lurker Den  
  107  10:16  Hydralisk  
  109  10:27  Queen  
  111  10:38  Roach x5  
  111  10:39  Roach x2  
  125  10:50  Spore Crawler  
  125  10:56  Hydralisk  
  126  11:05  Overlord x6  
  109  11:20  Hydralisk  
  109  11:21  Hydralisk x9  
  117  11:38  Hydralisk x6  
  117  11:39  Hydralisk x2  
  124  11:43  Queen  
  126  11:55  Spore Crawler  
  126  11:57  Spore Crawler  
  126  11:58  Zerg Ground Armor Level 1  
  126  12:00  Hydralisk  
  126  12:01  Spore Crawler  
  125  12:08  Hydralisk  
  125  12:09  Hydralisk x2  
  125  12:13  Drone x2  
  125  12:14  Drone  
  134  12:31  Drone x9  
  134  12:36  Drone x4  
  147  12:54  Zergling x20  
  138  13:08  Hydralisk  
  138  13:09  Hydralisk x4  
  114  13:16  Hydralisk  
  114  13:17  Hydralisk x2  
  102  13:21  Queen  
  102  13:43  Spore Crawler  
  102  13:44  Spore Crawler  
  102  13:45  Hydralisk  
  102  13:46  Hydralisk x6  
  102  13:47  Hydralisk  
  116  13:54  Queen  
  116  13:57  Queen  
  118  14:10  Hydralisk x2  
  118  14:11  Hydralisk x5  
  132  14:18  Hydralisk x3  
  138  14:28  Hydralisk  
  137  15:03  Hydralisk  
  137  15:04  Hydralisk x3  
  145  15:13  Overlord  
  145  15:14  Overlord x2  
Tags
 
League
GoldGold
Matchup
PvZ
Replay Pack
Pack 1
Spawn Locations
Cross Positions
Add a new tag
Caveats
  • Supply blocks, unpowered buildings, or Contaminate may cause inaccurate times.
  • Supply counts are checked every 10 seconds.